[Event "Early-Titled-Tuesday-Blitz-February-20-2024"]
[Site "Chess.com"]
[Date "2024.02.20"]
[Round "3"]
[White "Njal28"]
[Black "AvitalBor"]
[Result "1-0"]
[WhiteElo "2979"]
[BlackElo "2747"]
[TimeControl "180+1"]
[EndTime "8:29:37 PST"]
[Termination "Njal28 won by resignation"]

1. d4 Nf6 2. Nf3 g6 3. Nbd2 d5 4. e3 Bg7 5. b4 O-O 6. Be2 a5 7.
b5 c5 8. bxc6 Nxc6 9. c3 e5 10.
O-O Re8 11. a4 Qc7 12. Ba3 Bf5 13. h3 Ne4 14. Nxe4 Bxe4 15. Nd2 Bf5 16. Bf3 Be6 17. Qb3 b6 18. Bxd5 Bxd5 19. Qxd5 Rad8 20. Qb3 Ne7 21. Bxe7 Rxe7 22. Rab1 Rc8 23. Qxb6 Qxc3 24. Ne4 Qc2 25. Nd6 Rf8 26. d5 Qxa4 27. Qc5 e4 28. Nc4 Ree8 29. Nxa5 Rd8 30. Nc6 Rd7 31. Rb8 h5 32. Rfb1 Rxb8 33. Nxb8 Qa2 34. Nxd7 Qxb1+ 35. Kh2 Qb2 36. Qe7 Qxf2 37. Qxe4 h4 38. Qf4 Qe1 39.
d6 Bh6 40. Nf6+ Kg7 41. Ne8+ Kg8 42. Qe5 Qxe3 43. Qxe3 Bxe3 44. d7 Bb6 45. Nd6 Bc7 46. Kh1 Kf8 47. Nb7 Ke7 48. Nc5 Bb6 49. Na4 Bd4 50.
g4 Kxd7 51. Kg2 Kc6 52. Kf3 Kb5 53. Ke4 Kc4 54. g5 Kb5 55. Kxd4 Kxa4 56. Ke5 Kb5 57. Kf6 Kc6 58. Kxf7 Kd5 59. Kxg6 Ke5 60. Kh7 Kf4 61.
g6 Kg3 62. g7 Kxh3 63. g8=Q Kh2 64. Qg4 h3 65. Kh6 1-0

[Event "Early-Titled-Tuesday-Blitz-February-20-2024"]
[Site "Chess.com"]
[Date "2024.02.20"]
[Round "3"]
[White "NewBornNow"]
[Black "Maxfan2008"]
[Result "1-0"]
[WhiteElo "2796"]
[BlackElo "2563"]
[TimeControl "180+1"]
[EndTime "8:29:37 PST"]
[Termination "NewBornNow won on time"]

1. e4 c5 2. Nf3 d6 3. d4 cxd4 4. Nxd4 Nf6 5. Bd3 g6 6. c4 Bg7 7. Nc3 O-O 8. O-O Nc6 9. Nc2 Be6 10. Ne3 Rc8 11. Be2 Nd7 12. Bd2 a6 13. Rc1 Nd4 14. Ned5 Bxd5 15. exd5 Nxe2+ 16. Qxe2 Ne5 17. b3 f5 18. f4 Ng4 19. h3 Qb6+ 20. Kh1 Nf6 21. Be3 Qa5 22. Bd4 Nh5 23. Qe6+ Kh8 24. Bxg7+ Kxg7 25.
Qxe7+ Rf7 26. Qe3 Rcc7 27. Kh2 Rce7 28. Qd4+ Nf6 29. Rfe1 Qa3 30. Rcd1 Qb2 31. Rd2 Qa3 32.
Re6 Qc1 33. Rde2 Rd7 34. Na4 Kh6 35. Rxf6 Rxf6 36. Qxf6 Qxf4+ 37. g3 Qf3 38. Qb2 f4 39. Rg2 Re7 40. Qd2 Re3 41. gxf4 Qxf4+ 42. Kg1 Kg7 43. Nb2 Qe5 44. Kf2 Qf4+ 45. Kg1 Qe5 46. Nd1 Re1+ 47.
Kf2 Re4 48. Qc3 Rd4 49. Rg4 Rf4+ 50. Rxf4 Kh6 51. Qxe5 dxe5 52. Rf7 e4 53. d6 e3+ 54.
Kxe3 1-0

[Event "Early-Titled-Tuesday-Blitz-February-20-2024"]
[Site "Chess.com"]
[Date "2024.02.20"]
[Round "3"]
[White "rhungaski"]
[Black "Byniolus"]
[Result "0-1"]
[WhiteElo "2574"]
[BlackElo "2832"]
[TimeControl "180+1"]
[EndTime "8:29:37 PST"]
[Termination "Byniolus won by resignation"]

1. e4 d6 2. d4 Nf6 3. Nc3 c6 4. Be3 Qb6 5. a3 Ng4 6. Bc1 e5 7. Nf3 Nd7 8. h3 Ngf6 9. Bc4 Be7 10. O-O O-O 11. Be3 Qc7 12. b4 b5 13. Bb3 a6 14.
Qe2 h6 15. Rad1 Re8 16. Nh4 Nf8 17. f4 exd4 18. Bxd4 c5 19. bxc5 dxc5 20. Be5 Qb6 21. Nd5 Nxd5 22. Bxd5 Bxh4 23. Bxa8 Ng6 24. Bd6 c4+ 25. Kh1 Bxh3 26. gxh3 Rxa8 27. f5 Nf8 28. Qg4 Bg5 29. h4 Be3 30. f6 g6 31. h5 g5 32.
Bxf8 Rxf8 33. Rd7 Re8 34. Rfd1 Qe6 35. Qxe6 Rxe6 36. Rd8+ Kh7 37. R1d6 Rxe4 38. Rf8 Bc5 39. Rxf7+ Kg8 40. Rg7+ Kf8 41. Rd8+ Re8 42. Rxe8+ Kxe8 43. Rh7 Bxa3 44. Ra7 b4 45. Rxa6 Kf7 46. Rc6 b3 47. Rxc4 b2 48. Rc7+ Kxf6 49. Rb7 Kf5 50. Kg2 Kg4 51.
Rb3 Kxh5 52. c4 Kg4 53. Kf2 h5 54. c5 Bxc5+ 55. Kg2 Bd4 0-1

[Event "Early-Titled-Tuesday-Blitz-February-20-2024"]
[Site "Chess.com"]
[Date "2024.02.20"]
[Round "3"]
[White "viktorskliarov"]
[Black "Kirill_Klukin"]
[Result "1/2-1/2"]
[WhiteElo "2598"]
[BlackElo "2853"]
[TimeControl "180+1"]
[EndTime "8:29:39 PST"]
[Termination "Game drawn by repetition"]

1. e4 c5 2. Nf3 Nc6 3. Bb5 d6 4. d4 cxd4 5. Qxd4 Bd7 6. Bxc6 Bxc6 7. Nc3 h6 8. O-O e5 9. Qd3 Nf6 10. Nd2 Be7 11. Nc4 O-O 12. Ne3 Nd7 13. Nf5 Kh7 14. Nxe7 Qxe7 15. Rd1 Nc5 16. Qxd6 Qxd6 17. Rxd6 Nxe4 18.
Rxc6 bxc6 19. Nxe4 Rfd8 20. Be3 f5 21. Nc3 f4 22.
Bc5 Rd2 23. Rc1 a5 24. a4 Kg6 25. Kf1 Kf5 26. f3 g5 27. Ne4 Rd5 28. c4 Rd7 29. Bd6 g4 30. c5 gxf3 31. gxf3 Rg8 32. Ke2 Rg2+ 33. Nf2 Rb7 34. Rc2 Rxh2 35. Kf1 Rb3 36. Re2 Rxf3 37. Kg1 Rh5 38. Rxe5+ Kg6 39. Re6+ Kf7 40. Re7+ Kf6 41. Ra7 Kf5 42. Rxa5 Rg3+ 43. Kf1 Rh2 44. Ra8 Rf3 45. Rf8+ Kg5 46. Rg8+ Kh5 47. Rg2 Rxg2 48. Kxg2 Rg3+ 49. Kf1 Rb3 50. Bxf4 Rxb2 51. a5 Ra2 52. Bc7 Kg5 53. Kg2 h5 54. Kg3 Ra3+ 55. Kg2 Kf5 56. Bb6 Ra2 57. Bc7 Ra3 58.
Bb6 Ke6 59. Nh3 Kf5 60. Nf2 1/2-1/2

[Event "Early-Titled-Tuesday-Blitz-February-20-2024"]
[Site "Chess.com"]
[Date "2024.02.20"]
[Round "3"]
[White "ATM622"]
[Black "traviscottofficial"]
[Result "1/2-1/2"]
[WhiteElo "2490"]
[BlackElo "2756"]
[TimeControl "180+1"]
[EndTime "8:29:39 PST"]
[Termination "Game drawn - insufficient material"]

1. d4 Nf6 2. c4 e6 3. g3 d5 4. Bg2 Be7 5. Nf3 O-O 6. O-O dxc4 7. Ne5 a6 8. Nxc4 c5 9. dxc5 Qxd1 10. Rxd1 Bxc5 11. a3 Nbd7 12. b4 Be7 13. Bf4 Nd5 14.
Rxd5 exd5 15. Bxd5 Nf6 16. Bf3 Be6 17. Nbd2 Bd5 18.
Nb6 Rad8 19. Bc7 Bxf3 20. Nxf3 Rde8 21. Rc1 h6 22. Kg2 Kh7 23. Ne5 Bd8 24. Bxd8 Rxd8 25. Rc7 Rde8 26. f4 Kg8 27. Kf3 Rb8 28. Ned7 Nxd7 29.
Nxd7 Rfc8 30. Rxc8+ Rxc8 31. Nc5 b6 32. Nxa6 Rc3+ 33. Ke4 Rxa3 34. b5 Kf8 35. Kd5 Rc3 36. Kd6 Ke8 37. Nb4 Rc5 38. Nd5 Kd8 39. Nxb6 Rxb5 40.
Nc4 Rb1 41. e4 Rh1 42. h4 Rg1 43. Ne5 Ke8 44. g4 f6 45. Ng6 Rxg4 46. h5 Kf7 47. e5 fxe5 48. Nxe5+ Kf6 49. Nxg4+ Kf5 50. Ne5 Kxf4 51.
Ke6 Kg5 52. Kf7 Kxh5 53. Kxg7 Kg5 54. Ng6 h5 55. Kh7 h4 56. Nxh4 1/2-1/2

[Event "Early-Titled-Tuesday-Blitz-February-20-2024"]
[Site "Chess.com"]
[Date "2024.02.20"]
[Round "3"]
[White "joshdaruca"]
[Black "dropstoneDP"]
[Result "1/2-1/2"]
[WhiteElo "2771"]
[BlackElo "3030"]
[TimeControl "180+1"]
[EndTime "8:29:40 PST"]
[Termination "Game drawn by repetition"]

1. b3 Nf6 2. Bb2 c5 3. Nf3 Nc6 4. e3 g6 5. Bxf6 exf6 6. c4 d5 7. cxd5 Qxd5 8. Nc3 Qd8 9. Bb5 Bd7 10. d4 cxd4 11. Nxd4 Bb4 12. Ne2 O-O 13. O-O Bg4 14.
Qxd8 Rfxd8 15. a3 Bxc3 16. Nxc3 Rac8 17. Ne4 Kg7 18. Rac1 Ne5 19. h3 Be6 20. Nc5 a6 21. Be2 a5 22. Nxb7 Rd2 23. Ba6 Ra8 24. Bc4 Bxc4 25.
bxc4 Ra7 26. Nc5 Ra2 27. Rc3 Rc7 28. Nb3 Rxc4 29. Rxc4 Nxc4 30. Rc1 Rxa3 31. Rxc4 Rxb3 32. Rc7 a4 33. Ra7 a3 34. g3 f5 35. Kg2 Kf6 36.
h4 Ke6 37. Kf3 h6 38. Kg2 f6 39. Kf3 g5 40. hxg5 hxg5 41. Ra5 Rc3 42. g4 f4 43. Ke4 fxe3 44. fxe3 Kd6 45. Ra6+ Kc5 46. Rxf6 Kb5 47. Rf2 Rc8 48. Ra2 Kb4 49. Kf5 Rc5+ 50. Kf6 Kb3 51. Ra1 Kb2 52. Rg1 a2 53. e4 Rc1 54.
Rg2+ Rc2 55. Rg1 a1=Q 56. Rxa1 Kxa1 57. Kxg5 Kb2 58. e5 Kc3 59. e6 Kd4 60. e7 Re2 61. Kf6 Kd5 62. Kf7 Rf2+ 63. Kg7 Re2 64. Kf8 Rf2+ 65. Kg7 Re2 66. Kf7 Rf2+ 67. Kg7 1/2-1/2

[Event "Early-Titled-Tuesday-Blitz-February-20-2024"]
[Site "Chess.com"]
[Date "2024.02.20"]
[Round "3"]
[White "Lukianoo"]
[Black "Aygehovit1992"]
[Result "1-0"]
[WhiteElo "2904"]
[BlackElo "2688"]
[TimeControl "180+1"]
[EndTime "8:29:40 PST"]
[Termination "Lukianoo won on time"]

1. e4 c5 2. Nf3 e6 3. c3 d5 4. e5 d4 5. Bd3 Nc6 6. O-O Nge7 7.
Re1 Ng6 8. g3 b6 9. Be4 Bb7 10. h4 Be7 11. h5 Nf8 12. Na3 g5 13. d3 h6 14. Nc2 dxc3 15. bxc3 Qc7 16. d4 O-O-O 17. a4 Nd7 18. Ba3 g4 19. Nh2 Ndxe5 20. a5 f5 21. axb6 axb6 22. Bg2 Rhg8 23. Qe2 Nf3+ 24.
Nxf3 gxf3 25. Bxf3 Bd6 26. Kf1 Bxg3 27. fxg3 Qxg3 28.
Qxe6+ Kc7 29. Bxc6 Qh3+ 30. Ke2 Bxc6 31. Kd2 Rg2+ 32.
Re2 Rxe2+ 33. Qxe2 Re8 34. Qf2 Bb5 35. Re1 Qd3+ 36. Kc1 Qxc3 37. Rxe8 Bxe8 38. dxc5 Ba4 39. cxb6+ Kb7 40. Bb2 Qc4 41. Kb1 f4 42. Nd4 Qd3+ 43.
Ka2 Qc4+ 44. Ka3 Bd7 45. Qf3+ Kxb6 46. Qb3+ Qxb3+ 47. Kxb3 Bg4 48. Bc1 Bxh5 49. Bxf4 Bf7+ 50. Kb4 h5 51. Bg5 Kc7 52. Kc5 Kd7 53. Bh4 Bg6 54. Nc6 Ke6 55. Kd4 Bh7 56. Be1 Kf5 57. Ne7+ Kg4 58.
Nd5 Bb1 59. Ke5 h4 60. Nf6+ Kg5 61. Bf2 h3 62. Bg1 Kh4 63. Bh2 1-0

[Event "Early-Titled-Tuesday-Blitz-February-20-2024"]
[Site "Chess.com"]
[Date "2024.02.20"]
[Round "3"]
[White "seasidesunset"]
[Black "EsmeraldasAnderson03"]
[Result "1-0"]
[WhiteElo "2261"]
[BlackElo "2532"]
[TimeControl "180+1"]
[EndTime "8:29:41 PST"]
[Termination "seasidesunset won by resignation"]

1. e4 c5 2. c4 d6 3. Nc3 Nf6 4. g3 g6 5. Bg2 Bg7 6. Nge2 O-O 7. d3 e5 8. O-O h6 9. f4 Kh7 10. f5 Nc6 11. h3 Nd4 12. g4 Ne8 13. Ng3 g5 14. f6 Nxf6 15. Be3 Rb8 16. Nd5 Nxd5 17. exd5 b5 18. Be4+ Kg8 19. Bxd4 exd4 20. Qf3 bxc4 21. dxc4 Rxb2 22. Nf5 Qf6 23. Bd3 Qe5 24. Ng3 Qe3+ 25.
Qxe3 dxe3 26. Rae1 Re8 27. Re2 Rb4 28. Nh5 Ba6 29.
Rc1 Bd4 30. Ng3 Bc8 31. Ne4 Rd8 32. Kg2 Kg7 33. Ng3 Bd7 34. Rf1 Rdb8 35. Nh5+ Kf8 36. Nf6 Bxf6 37. Rxf6 Rb2 38. Rxd6 Ba4 39. Rxh6 Bd1 40.
Rh8+ Kg7 41. Rxb8 Rxb8 42. Rxe3 Rb2+ 43. Kg3 Rxa2 44. d6 Ba4 45. Bf5 Rd2 46. Rd3 Rxd3+ 47. Bxd3 Kf6 48. Bf5 Bb3 49. h4 gxh4+ 50. Kxh4 Ba4 51.
Kg3 Bc6 52. Kf4 a5 53. g5+ Kg7 54. d7 Bxd7 55. Bxd7 f6 56. Kf5 fxg5 57. Kxg5 Kf7 58. Ba4 Ke7 59. Kf5 Kd6 60. Ke4 Ke6 61. Bb5 Kd6 62.
Kf5 Kc7 63. Ke5 Kb6 64. Ba4 Kc7 65. Kd5 Kb6 66. Kd6 1-0

[Event "Early-Titled-Tuesday-Blitz-February-20-2024"]
[Site "Chess.com"]
[Date "2024.02.20"]
[Round "3"]
[White "mr65"]
[Black "DKmirl"]
[Result "0-1"]
[WhiteElo "1968"]
[BlackElo "2324"]
[TimeControl "180+1"]
[EndTime "8:29:44 PST"]
[Termination "DKmirl won by resignation"]

1. e4 c5 2. d4 cxd4 3. c3 dxc3 4.
Nxc3 Nc6 5. Nf3 d6 6. Bc4 Nf6 7. e5 dxe5 8. Qxd8+ Kxd8 9. Ng5 e6 10. Nxf7+ Ke8 11.
Nxh8 Bb4 12. O-O Bd7 13. Nb5 Ke7 14. a3 Bc5 15. b4 Bb6 16. Ng6+ hxg6 17. Be3 Nd4 18.
Nc3 Kf7 19. Rac1 Rc8 20. Nb1 Kg8 21. Nd2 Ng4 22. Ne4 Nxe3 23. fxe3 Nf5 24. Nc5 Bxc5 25. bxc5 Nxe3 26. Rfe1 Ng4 27. h3 Nf6 28. Rxe5 Kf7 29. Ba2 Rc6 30. g4 Ke7 31. g5 Nh5 32. Rd1 Nf4 33. h4 Nh5 34. Kf2 Ra6 35. Rd3 Ra4 36. Rb3 Rf4+ 37. Kg2 Bc6+ 38. Kg1 Rxh4 39. Rb4 Rxb4 40. axb4 Nf4 41. Bc4 Bd5 42. Bxd5 Nxd5 43. Kf2 Nxb4 44. Ke3 Nd5+ 45. Kd4 a6 46. Re1 Nc7 47.
Rb1 Nb5+ 48. Ke5 Kd7 49. Rd1+ Ke7 50. Rc1 Kd7 51. Rc2 Kc7 52. Rc4 Kd7 53. Rc1 Ke7 54.
c6 bxc6 55. Rxc6 a5 56. Rc7+ Nxc7 57. Kd4 Nd5 58. Kc5 Nf4 59. Kc6 Nh3 60. Kc7 Nxg5 61. Kc6 a4 62. Kc7 a3 63. Kc6 a2 64. Kc7 a1=Q 65. Kc6 Qc3+ 66. Kb6 e5 67. Kb5 e4 0-1

[Event "Early-Titled-Tuesday-Blitz-February-20-2024"]
[Site "Chess.com"]
[Date "2024.02.20"]
[Round "3"]
[White "N_Mullodzhanov"]
[Black "yaguigor"]
[Result "0-1"]
[WhiteElo "2472"]
[BlackElo "2675"]
[TimeControl "180+1"]
[EndTime "8:29:45 PST"]
[Termination "yaguigor won by checkmate"]

1. e4 e5 2. Nf3 Nc6 3. Bc4 Bc5 4. c3 Nf6 5. d4 exd4 6. cxd4 Bb4+ 7. Nc3 Nxe4 8. O-O Bxc3 9. bxc3 d5 10.
Bd3 O-O 11. Qc2 Bf5 12. Rb1 b6 13. a4 Bg6 14. Ba3 Nd6 15. Bxg6 hxg6 16. Ne5 Na5 17.
Rfe1 Re8 18. Bb4 Nac4 19. f4 Qf6 20. g3 Qf5 21. Qg2 Nxe5 22. fxe5 Ne4 23. Rf1 Qe6 24. Rbe1 a5 25. Ba3 Nxc3 26. Rf4 g5 27. Rf3 Ne4 28. Bc1 f6 29. exf6 gxf6 30. g4 Re7 31. h4 gxh4 32. g5 Rg7 33. g6 Qe8 34. Rf4 Qxg6 35. Qxg6 Rxg6+ 36. Kh2 Kg7 37. Rxh4 Rh8 38. Rxh8 Kxh8 39. Bf4 c5 40. Bc7 cxd4 41. Bxb6 d3 42.
Bxa5 f5 43. Rd1 Ra6 44. Bc7 d2 45. Be5+ Kg8 46. Rg1+ Kf7 47. Bf4 Rxa4 48. Rd1 Ra2 49. Kh3 d4 50. Kh4 Ke6 51. Kh3 Nf2+ 52. Kg2 Nxd1 53. Kf3 Ne3 54. Bxe3 d1=Q+ 55. Kf4 dxe3 56. Kg5 Rg2+ 57. Kh4 Qh1# 0-1

[Event "Early-Titled-Tuesday-Blitz-February-20-2024"]
[Site "Chess.com"]
[Date "2024.02.20"]
[Round "3"]
[White "Manukyan_Artak"]
[Black "Yan_Dyomin2010"]
[Result "1/2-1/2"]
[WhiteElo "2553"]
[BlackElo "2729"]
[TimeControl "180+1"]
[EndTime "8:29:46 PST"]
[Termination "Game drawn by repetition"]

1. e4 c5 2. Nf3 Nc6 3. c3 Nf6 4.
e5 Nd5 5. d4 cxd4 6. cxd4 d6 7.
Nc3 dxe5 8. dxe5 Nxc3 9. Qxd8+ Nxd8 10. bxc3 e6 11. Nd4 Bd7 12. f4 Bc5 13. Be3 Rc8 14. Kd2 b6 15. a4 Bxd4 16. Bxd4 Nc6 17. Bd3 Na5 18. Rhb1 O-O 19. Ke3 Rfd8 20. g4 Bc6 21. g5 Rd7 22. Ra3 Rcd8 23. Rd1 Nb7 24. h4 Nc5 25. Bb5 Rc8 26. Rb1 h5 27. gxh6 gxh6 28.
Bxc6 Rxc6 29. a5 Kh7 30. h5 Rdc7 31. axb6 axb6 32. Ra8 Nd7 33. Rg1 Rc8 34. Ra7 R6c7 35. Rxc7 Rxc7 36. Ra1 Rb7 37. Ke4 b5 38. f5 exf5+ 39.
Kxf5 Nf8 40. Rb1 Ne6 41. Ke4 Kg8 42. c4 b4 43. c5 Kf8 44. c6 Rc7 45. Rxb4 Rxc6 46.
Rb8+ Kg7 47. Be3 Rc2 48. Rb1 Rg2 49. Rg1 Ng5+ 50. Kd3 Rxg1 51. Bxg1 Ne6 52. Ke4 Nf8 53. Bd4 Ne6 54. Be3 Nd8 55. Bd4 Kf8 56. Kf5 Ne6 57.
Be3 Kg7 58. Ke4 Nf8 59. Bd4 Kh7 60. Kf5 Ne6 61. Be3 Kg7 62. Ke4 1/2-1/2

[Event "Early-Titled-Tuesday-Blitz-February-20-2024"]
[Site "Chess.com"]
[Date "2024.02.20"]
[Round "3"]
[White "angelgab3"]
[Black "Salem-AR"]
[Result "1/2-1/2"]
[WhiteElo "2763"]
[BlackElo "2994"]
[TimeControl "180+1"]
[EndTime "8:29:51 PST"]
[Termination "Game drawn - insufficient material"]

1. e4 c5 2. Nf3 d6 3. d4 cxd4 4. Nxd4 Nf6 5. Nc3 Nc6 6. Bg5 e6 7. Qd3 Bd7 8. Ndb5 Nb4 9. Qd1 a6 10. a3 axb5 11. axb4 Rxa1 12. Qxa1 Be7 13. Bxb5 Bxb5 14.
Nxb5 Nxe4 15. Bxe7 Kxe7 16. O-O Qb6 17. Qa5 Qxa5 18. bxa5 d5 19. f3 Nd2 20. Ra1 Rc8 21.
c3 Nc4 22. b3 Nd6 23. Nxd6 Kxd6 24. a6 Ra8 25. a7 Kc6 26. c4 b6 27. cxd5+ exd5 28. Kf2 Kb7 29. Rd1 Kc6 30. Ra1 Kb7 31. Rd1 Rxa7 32. Rxd5 Kc6 33. Rh5 h6 34. Rh4 Kb5 35.
Re4 g6 36. g4 Kc5 37. Kg3 b5 38. h4 b4 39. Rc4+ Kb5 40. Rf4 Kc5 41. Rc4+ Kb5 42. Rf4 Rd7 43. h5 gxh5 44. gxh5 Rd5 45. Rxf7 Rxh5 46.
f4 Kc5 47. Kg4 Rh1 48. Rc7+ Kb5 49. f5 Rg1+ 50. Kf4 Rf1+ 51. Ke5 Re1+ 52. Kf6 Rf1 53. Kg6 Rf3 54. f6 Rxb3 55. f7 Rf3 56. Kxh6 b3 57. Kg7 Kb4 58. Rc6 b2 59. f8=Q+ Rxf8 60. Kxf8 Kb3 61. Ke7 b1=Q 62. Rb6+ Kc2 63. Rxb1 Kxb1 1/2-1/2

[Event "Early-Titled-Tuesday-Blitz-February-20-2024"]
[Site "Chess.com"]
[Date "2024.02.20"]
[Round "3"]
[White "FaustinoOro"]
[Black "jeetjain"]
[Result "1/2-1/2"]
[WhiteElo "2898"]
[BlackElo "2519"]
[TimeControl "180+1"]
[EndTime "8:29:51 PST"]
[Termination "Game drawn - insufficient material"]

1. e4 c6 2. Nf3 d5 3. d3 dxe4 4. dxe4 Qxd1+ 5. Kxd1 g6 6. c3 Bg4 7. Be2 Nd7 8. h3 Bxf3 9. Bxf3 Bh6 10. Bxh6 Nxh6 11. Nd2 f6 12. Kc2 Nf7 13. a4 e5 14. Nc4 Ke7 15. h4 Nc5 16. b4 Ne6 17. Rhd1 Rhd8 18. Na5 Rab8 19. g3 Nd6 20. Nb3 f5 21.
Nd2 Rf8 22. Rf1 Rf7 23. Rae1 f4 24. Bg4 Rbf8 25. Bh3 fxg3 26. fxg3 Rxf1 27. Rxf1 Rxf1 28. Bxf1 g5 29. h5 Ne8 30. Nc4 Nf6 31. Nxe5 Nxh5 32. g4 Nf6 33. Bg2 Nf4 34. Bf3 h5 35. gxh5 N6xh5 36. Kd2 Ke6 37. Nc4 Nf6 38. Ke3 Ng6 39. Na5 g4 40.
Be2 g3 41. Bf1 Nh4 42. Bh3+ Ke7 43. Nxb7 g2 44. Kf2 Nxe4+ 45. Kg1 Nxc3 46. Bxg2 Nxg2 47.
Kxg2 Nxa4 48. Kf3 Kd7 49. Ke4 Kc7 50. Na5 Kb6 51. Kd3 Kb5 52. Kc2 Nb6 53. Kb3 Nd5 54.
Nb7 Nxb4 55. Nd6+ Kc5 56. Ne4+ Kd4 57. Nd6 c5 58. Nb5+ Kd5 59. Nxa7 c4+ 60. Kxb4 c3 61. Kxc3 1/2-1/2

[Event "Early-Titled-Tuesday-Blitz-February-20-2024"]
[Site "Chess.com"]
[Date "2024.02.20"]
[Round "3"]
[White "cristiano78"]
[Black "Sjakkerntobi"]
[Result "0-1"]
[WhiteElo "2282"]
[BlackElo "2504"]
[TimeControl "180+1"]
[EndTime "8:29:53 PST"]
[Termination "Sjakkerntobi won by resignation"]

1. d4 Nf6 2. c4 e6 3. Nf3 c5 4. d5 exd5 5. cxd5 d6 6. Nc3 g6 7. e4 Bg7 8. h3 O-O 9. Bd3 a6 10. a4 Re8 11. O-O Nbd7 12. Re1 Qc7 13. Bf4 Nh5 14. Bh2 Ne5 15. Nxe5 Bxe5 16. Rc1 Qe7 17.
Be2 Qh4 18. Bxh5 gxh5 19. Qf3 Bd7 20. Bxe5 Rxe5 21. Qg3+ Qxg3 22. fxg3 b5 23. axb5 axb5 24. Ra1 Ree8 25. Rxa8 Rxa8 26. e5 dxe5 27. Ne4 Bf5 28. Nxc5 f6 29. b4 Rd8 30. Rd1 Kf7 31. Kf2 Bc8 32. Ke3 Ke7 33. Ne4 f5 34. d6+ Kd7 35.
Nc5+ Kc6 36. Nd3 Kd5 37. Nf4+ Kc4 38. Nxh5 Kxb4 39. Nf6 Be6 40. g4 fxg4 41. hxg4 h6 42. Ke4 Bb3 43. Rd2 Kc3 44. Ke3 Bc4 45. Ne4+ Kb4 46. Ng3 Be6 47. Ke4 Kc3 48. Rd3+ Kc2 49. Re3 Rxd6 50. Kxe5 Rb6 51. Nf5 Bc4 52. Kd4 Kd2 53.
Rf3 Be2 54. Rf2 Ke1 55. Rf4 b4 56. Ne3 b3 57. g3 Rb4+ 58. Ke5 Rxf4 59. gxf4 Kd2 60.
f5 Kxe3 61. f6 Bc4 62. g5 hxg5 63. Kf5 b2 64. Kxg5 b1=Q 65. Kh6 Bf7 66. Kg7 Qg6+ 67.
Kf8 Qg8+ 68. Ke7 Qe8+ 69. Kd6 Qe6+ 70. Kc5 Qxf6 0-1

[Event "Early-Titled-Tuesday-Blitz-February-20-2024"]
[Site "Chess.com"]
[Date "2024.02.20"]
[Round "3"]
[White "Beca95"]
[Black "IMRosen"]
[Result "1-0"]
[WhiteElo "2882"]
[BlackElo "2662"]
[TimeControl "180+1"]
[EndTime "8:29:54 PST"]
[Termination "Beca95 won on time"]

1. a4 d5 2. Nf3 Bf5 3. d3 Nc6 4. Nc3 Nf6 5. Nh4 Bd7 6. e4 e5 7.
exd5 Nb4 8. Bg5 Be7 9. Bxf6 Bxf6 10. Nf3 Bf5 11. g3 Nxd5 12. Nxd5 Qxd5 13. Bg2 Qa5+ 14.
Qd2 Qxd2+ 15. Nxd2 c6 16. Ne4 Be7 17. h3 f6 18. g4 Be6 19. Ng3 Kf7 20. O-O Rhd8 21. Be4 Bc5 22. Kg2 Rac8 23. a5 a6 24. f4 exf4 25.
Rxf4 Bd4 26. c3 Be5 27. Rf3 Bxg3 28. Kxg3 Bd5 29. Kf4 Bxe4 30. Kxe4 Re8+ 31. Kd4 Re5 32. Kc4 Rd8 33. b4 h5 34. d4 Rg5 35.
Rf5 Kg6 36. Rxg5+ Kxg5 37. Rg1 Rd5 38. gxh5+ Kh6 39. Re1 Rxh5 40. Re3 Rb5 41. Kb3 Rd5 42. Re7 f5 43. Rxb7 Kg6 44. Rb6 f4 45. Rxc6+ Kg5 46. Rc7 g6 47. Re7 f3 48. Re1 Kf4 49. Kc4 Rh5 50. d5 Rxh3 51. d6 Rh8 52. Kd5 f2 53. Rf1 Kf3 54. c4 g5 55. c5 g4 56. c6 g3 57. c7 g2 58. Rxf2+ Kxf2 59. d7 g1=Q 60. c8=Q Qd1+ 61. Kc6 Qc2+ 62. Kb7 Qe4+ 63. Qc6 Qxb4+ 64. Qb6+ Qxb6+ 65. Kxb6 Rh6+ 66. Kc7 Rh7 67. Kc8 Kg1 68.
d8=Q Rh3 69. Qb6+ Kg2 70. Qxa6 Rg3 71. Qc6+ Kh2 72. Qc7 Kg2 73. Qxg3+ Kh1 74. Qf3+ 1-0

[Event "Early-Titled-Tuesday-Blitz-February-20-2024"]
[Site "Chess.com"]
[Date "2024.02.20"]
[Round "3"]
[White "lucasran"]
[Black "ploxoi"]
[Result "0-1"]
[WhiteElo "2638"]
[BlackElo "2456"]
[TimeControl "180+1"]
[EndTime "8:29:54 PST"]
[Termination "ploxoi won by resignation"]

1. Nf3 d5 2. d4 c6 3. c4 e6 4.
e3 Nf6 5. Bd3 Nbd7 6. O-O Be7 7.
Nbd2 O-O 8. e4 dxe4 9. Nxe4 Nxe4 10. Bxe4 c5 11. Be3 cxd4 12. Nxd4 Nc5 13. Bf3 e5 14. Nb5 Be6 15. Rc1 a6 16. Qxd8 Raxd8 17. Nc7 e4 18. Nxe6 fxe6 19. Bg4 a5 20. Rc2 Kf7 21. f3 Ke8 22. fxe4 Rxf1+ 23. Kxf1 e5 24. Bf3 Ne6 25. Rd2 Nd4 26. Bd1 Bc5 27. g3 Rd6 28. Kg2 Rf6 29.
Bg4 b6 30. Bxd4 Bxd4 31. b3 Ke7 32. Bf5 g6 33. Bg4 Kd6 34. a3 Kc5 35. Rc2 h5 36. Bf3 Rf8 37. h4 Rf6 38. Bd1 Rf8 39. Bf3 Rf6 40. Ra2 Rf8 41. Bd1 Rf6 42. Rc2 Rf8 43. g4 Rf4 44. gxh5 gxh5 45. Bf3 Rxh4 46. Kg3 Rf4 47.
Rh2 h4+ 48. Rxh4 Bf2+ 49. Kxf2 Rxh4 50. Kg3 Rh8 51. Kg4 Kd4 52. Kg5 Rf8 53. Bh1 Rf2 54. Kg6 Rb2 55. b4 axb4 56. axb4 Rxb4 57. Kf5 Rxc4 58.
Bf3 Rc3 59. Bh5 b5 60. Bf7 b4 0-1

[Event "Early-Titled-Tuesday-Blitz-February-20-2024"]
[Site "Chess.com"]
[Date "2024.02.20"]
[Round "3"]
[White "Angry_Twin"]
[Black "bipe137"]
[Result "1-0"]
[WhiteElo "2981"]
[BlackElo "2518"]
[TimeControl "180+1"]
[EndTime "8:29:57 PST"]
[Termination "Angry_Twin won by resignation"]

1. e4 c5 2. Nf3 e6 3. d4 cxd4 4. Nxd4 Nc6 5. Nc3 Nf6 6. Ndb5 d6 7. Bf4 e5 8. Bg5 a6 9. Na3 Be6 10. Nc4 Rb8 11. Ne3 Be7 12. Bxf6 Bxf6 13. Ncd5 Bg5 14. Bd3 Ne7 15. h4 Bxe3 16. Nxe3 d5 17. O-O O-O 18.
exd5 Nxd5 19. Qh5 g6 20. Qxe5 Nxe3 21. Qxe3 Qxh4 22. Rfe1 Rfd8 23. Qb6 Bd5 24. Re5 Qg4 25. Bf1 Bc6 26. Qe3 Re8 27. f3 Qg3 28. Re1 Qh4 29. Qf2 Qf6 30. Rxe8+ Rxe8 31. Rxe8+ Bxe8 32. c3 Bc6 33.
Qc5 h5 34. a4 h4 35. b4 h3 36. b5 hxg2 37. Bxg2 axb5 38. axb5 Bxf3 39. Qf2 Qxc3 40. Bxf3 Qc1+ 41. Qf1 Qg5+ 42. Kh1 b6 43. Qd3 Qg3 44.
Qe4 Qh3+ 45. Kg1 Qg3+ 46. Bg2 Qb3 47. Qe8+ Kh7 48. Qe5 Qd1+ 49. Bf1 Qg4+ 50. Kf2 Qh4+ 51. Qg3 Qd4+ 52. Qe3 Qb2+ 53. Kg3 Qf6 54. Bd3 Kg7 55. Qe4 Qd6+ 56. Kf3 Qf6+ 57. Ke3 Qd6 58. Qd4+ Qxd4+ 59. Kxd4 g5 60. Kd5 g4 61. Bf5 g3 62. Bh3 f5 63. Ke5 1-0

[Event "Early-Titled-Tuesday-Blitz-February-20-2024"]
[Site "Chess.com"]
[Date "2024.02.20"]
[Round "3"]
[White "SaqoChess_Twitch"]
[Black "MVM2008"]
[Result "0-1"]
[WhiteElo "2650"]
[BlackElo "2476"]
[TimeControl "180+1"]
[EndTime "8:29:58 PST"]
[Termination "MVM2008 won by checkmate"]

1. d4 Nf6 2. c4 g6 3. Nc3 d6 4. Nf3 Bg7 5. g3 Nc6 6. Bg2 O-O 7. O-O e5 8. dxe5 dxe5 9. Qc2 Nd4 10. Nxd4 exd4 11.
Nd5 c6 12. Nxf6+ Bxf6 13. Rd1 Bf5 14. Be4 Bg4 15. Bh6 Re8 16. Bf3 Bxf3 17. exf3 Qa5 18.
Kg2 Re6 19. Bd2 Qc7 20. Re1 Rae8 21. Rxe6 Rxe6 22. Re1 Rxe1 23. Bxe1 Qe5 24. Qe4 c5 25. Bd2 b6 26. Bf4 Qe6 27. b3 h5 28. Qa8+ Kh7 29.
Qxa7 d3 30. h4 Bc3 31. Qb8 d2 32. Qd8 Qe2 33. Bxd2 Bxd2 34. Qf6 Qe6 35. Qd8 Bh6 36. Qd3 Bg7 37. a4 Qe5 38. Qd7 Qb2 39. Qxf7 Qxb3 40. f4 Qxa4 41. f5 Qc6+ 42. Kh2 gxf5 43. Qxh5+ Kg8 44.
Qxf5 Qf6 45. Qc8+ Kh7 46. Kg2 Qg6 47. Qb7 Kh6 48. f3 Bd4 49. g4 Qc2+ 50. Kh3 Qg6 51. g5+ Kh5 52. Qc8 Qd3 53. Qe8+ Qg6 54. Qd7 Qd3 55. Qg4+ Kg6 56. h5+ Kg7 57. Qd7+ Kf8 58. Qd8+ Kf7 59. Qd7+ Kf8 60. Kg4 Qe2 61. Qc8+ Ke7 62.
Qb7+ Kd8 63. h6 Qg2+ 64. Kf5 Qh3+ 65. Kg6 Qe6+ 66. Kh7 Qf5+ 67. g6 Qf6 68. Qf7 Qh8# 0-1